 Dungeon Crawl Stone Soup version 0.30-a0-847-g17996783a1 (webtiles) character file.

Game seed: 7078252295070878696

232 jasper the Insei (level 5, -4/41 HPs)
             Began as a Demonspawn Transmuter on Mar 3, 2023.
             Was a Follower of Ashenzari.
             Succumbed to a scorpion's poison
             ... on level 4 of the Dungeon.
             The game lasted 00:08:15 (3536 turns).

jasper the Insei (Demonspawn Transmuter)            Turns: 3536, Time: 00:08:15

Health: -4/41      AC:  5    Str: 10    XL:     5   Next: 73%
Magic:  7/8        EV: 12    Int: 23    God:    Ashenzari [*.....]
Gold:   186        SH:  0    Dex: 13    Spells: 2/8 levels left

rFire   . . .      SeeInvis .      - Unarmed
rCold   . . .      Faith    .    (no shield)
rNeg    . . .      Spirit   .    e - +0 leather armour
rPois   .          Reflect  .    (helmet currently unavailable)
rElec   .          Rampage  .    g - +0 cloak "Seeker of Ashenzari" {Evo, Melee} (curse)
rCorr   .                        d - +0 pair of gloves of the Tethered Gnosis {Alch, Melee} (curse)
Will    .....                    (boots currently unavailable)
Stlth   +                        (no amulet)
HPRegen 0.26/turn                i - +6 ring of intelligence
MPRegen 0.11/turn                (no ring)

@: lethally poisoned (-4 -> -32), appendages
A: talons 2, horns 2, subdued magic 1
a: End Transformation, Renounce Religion, Shatter the Chains


You were on level 4 of the Dungeon.
You worshipped Ashenzari.
Ashenzari was aware of your devotion.
You had temporarily grown beastly talons.
You visited 1 branch of the dungeon, and saw 5 of its levels.

You collected 186 gold pieces.

Inventory:

Missiles
 c - 21 stones
 l - 3 boomerangs (quivered)
Armour
 a - a +0 robe
 d - the cursed +0 pair of gloves of the Tethered Gnosis (worn) {Alch, Melee}
   (You found it on level 1 of the Dungeon)

   It has a curse which improves the following skills: Alchemy: Poison Magic and
   Transmutations.
   Melee Combat: Short Blades, Long Blades, Axes, Maces & Flails, Polearms,
   Staves and Unarmed Combat.
 e - a +0 leather armour (worn)
 g - the cursed +0 cloak "Seeker of Ashenzari" (worn) {Evo, Melee}
   (You found it on level 3 of the Dungeon)

   It has a curse which improves the following skills: Evocations: Evocations.
   Melee Combat: Short Blades, Long Blades, Axes, Maces & Flails, Polearms,
   Staves and Unarmed Combat.
Jewellery
 i - a +6 ring of intelligence (left hand)
Wands
 h - a wand of paralysis (10)
Scrolls
 b - a scroll of noise
 k - 2 scrolls of amnesia
 m - 3 scrolls of vulnerability
 q - a scroll of identify
 r - a scroll of enchant weapon
 s - a scroll of magic mapping
Potions
 f - a potion of degeneration
 j - a potion of flight
 n - a potion of cancellation
 o - a potion of brilliance


   Skills:
 + Level 3.0 Fighting
 + Level 2.7 Dodging
 * Level 4.8(6.1) Unarmed Combat
 - Level 2.0 Spellcasting
 - Level 1.7(2.4) Transmutations


You had 2 spell levels left.
You knew the following spells:

 Your Spells              Type           Power      Damage    Failure   Level
a - Beastly Appendage     Tmut           20%        N/A       5%          1
b - Wereblood             Tmut           10%        N/A       8%          2
c - Spider Form           Tmut/Pois      6%         N/A       26%         3

Your spell library contained the following spells:

 Spells                   Type           Power      Damage    Failure   Level
 Passwall                 Tmut/Erth      5%         N/A       13%         2
 Sandblast                Erth           2%         2d4       14%         1
 Blink                    Tloc           2%         N/A       22%         2
 Sublimation of Blood     Necr           1%         N/A       22%         2
 Stone Arrow              Conj/Erth      2%         3d7       41%         3
 Ice Form                 Ice/Tmut       6%         N/A       67%         4
 Manifold Assault         Tloc           1%         N/A       83%         4
 Storm Form               Tmut/Air       3%         N/A       100%        7
 Summon Hydra             Summ           0%         N/A       100%        7


Dungeon Overview and Level Annotations

Branches:
Dungeon (5/15)
 Temple: D:4-7

Altars:
Ashenzari

Annotations:
D:4 1 runed translucent door, Crazy Yiuf


Innate Abilities, Weirdness & Mutations

You have temporarily grown beastly talons.
You have a pair of horns on your head.
Your spells are a little easier to cast, but a little less powerful.


Message History

Casting: Beastly Appendage (safe; 7% risk of failure)
Confirm with . or Enter, or press ? or * to list all spells.
Your feet morph into talons.
The scorpion stings you.
You are poisoned.
The scorpion poisons you!
You take 5 damage, and have 36/41 hp.
You now have 7/8 mp.
You closely miss the scorpion. You claw the scorpion.
The scorpion is lightly wounded.
You feel sick.
The white imp grinds its teeth.
The scorpion stings you!
You are more poisoned.
The scorpion poisons you!
You take 9 damage, and have 27/41 hp.
MASSIVE DAMAGE!!
You feel very sick. The scorpion stings you.
You are lethally poisoned!
The scorpion poisons you!
You climb upwards.
Level annotation: 1 runed translucent door, Crazy Yiuf
* * * LOW HITPOINT WARNING * * *
You feel extremely sick.
There is a stone staircase leading down here.
You take 18 damage, and have 9/41 hp.
MASSIVE DAMAGE!!
Okay, then.
Okay, then.
Okay, then.
Really quaff the potion of mutation?
You feel extremely strange.
Your connection to magic feels subdued.
* * * LOW HITPOINT WARNING * * *
You feel very sick. The scorpion stings you.
* * * LOW HITPOINT WARNING * * *
You are more poisoned.
The scorpion poisons you!
You take 7 damage, and have 2/41 hp.
You punch the scorpion! Your headbutt misses the scorpion.
The scorpion is heavily wounded.
You die...

#.#..#.# #.#..#.#
#.#..#.# #.#..#.#
#....#.################
###.##.................
#.##..#.............#
#.##.##.............#
#.##@s...............
##.#####.............#
#.....##.............#
##.....################
#......# # #.######
#### # #.# #..###
##.##♣♣♣♣♣ #...##
#......♣.♣♣♣ ### #...##


You could see a scorpion.

Vanquished Creatures
  A jelly (D:4)
  An orc priest (D:3)
  A hound (D:4)
  A sleepcap (D:4)
  5 adders
  A worm (D:4)
  3 orcs
  8 ball pythons
  4 endoplasms
  A giant cockroach (D:4)
  8 goblins
  5 hobgoblins
  3 jackals (D:1)
  9 kobolds
  A quokka (D:3)
  2 bats
  3 frilled lizards
57 creatures vanquished.

Notes
Turn   | Place    | Note
-------+----------+-------------------------------------------
     0 | D:1      | jasper the Demonspawn Transmuter began the quest for the
                  | Orb.
     0 | D:1      | Reached XP level 1. HP: 15/15 MP: 3/3
   259 | D:1      | Reached skill level 3 in Unarmed Combat
   261 | D:1      | Gained mutation: You have a pair of small horns on your
                  | head. [demonic ancestry]
   261 | D:1      | Reached XP level 2. HP: 21/21 MP: 5/5
   465 | D:1      | You fall into a shaft and drop 1 floor!
   509 | D:2      | Found a faded altar of an unknown god.
   551 | D:2      | Prayed at the altar of an unknown god.
   551 | D:2      | Became a worshipper of Ashenzari the Shackled
   687 | D:2      | Reached XP level 3. HP: 27/27 MP: 4/6
  1505 | D:1      | Learned a level 2 spell: Wereblood
  1509 | D:1      | Learned a level 3 spell: Spider Form
  1873 | D:3      | Reached skill level 4 in Unarmed Combat
  1873 | D:3      | Gained mutation: You have a pair of horns on your head.
                  | [demonic ancestry]
  1873 | D:3      | Reached XP level 4. HP: 17/34 MP: 7/7
  2416 | D:4      | Identified the +4 chain mail of the King of the Hill
                  | {Str+2}
  2519 | D:4      | Found a runed translucent door.
  2520 | D:4      | Noticed Crazy Yiuf
  2600 | D:4      | Reached XP level 5. HP: 25/39 MP: 6/8
  3341 | D:4      | Reached * piety under Ashenzari
  3528 | D:5      | Entered Level 5 of the Dungeon
  3535 | D:4      | Gained mutation: Your spells are a little easier to cast,
                  | but a little less powerful. [potion of mutation]
  3535 | D:4      | HP: 2/41 [scorpion (2)]
  3536 | D:4      | Succumbed to a scorpion's poison

Illustrated notes

Levels and vault maps discovered:
D:1:      dpeg_arrival_boxorama, layout_basic
D:2:      layout_loops_ring, basic_altar, chequers_ecumenical_altar_island,
          minivault_4, minivault_5
D:3:      layout_rooms
D:4:      layout_basic, uniq_crazy_yiuf_cottage
D:5:      layout_loops_cross, fedhas_ov_isle_minmay, serial_shops,
          nicolae_diamond_shop, shop, portal_sewer_entry_d, enter_ossuary_4,
          hangedman_decor_points, cheibrodos_gnoll_hut, uniq_pikel,
          uniq_prince_ribbit1

Skill      XL: |  1  2  3  4  5 |
---------------+----------------+-----
Unarmed Combat | 3 4 |  4.8
Fighting       | 2 3 |  3.0
Dodging        | 2 |  2.7
Spellcasting   | |  2.0
Transmutations | |  1.7

Action                     |  1- 3 |  4- 6 || total
---------------------------+-------+-------++-------
  Melee: Unarmed           |   111 |    49 ||   160
         Kick              |    23 |    16 ||    39
         Headbutt          |    13 |    12 ||    25
  Throw: Stone             |    10 |       ||    10
         Boomerang         |       |    26 ||    26
   Cast: Beastly Appendage |    22 |     8 ||    30
 Invoke: Curse Item        |     1 |     1 ||     2
    Use: Potion            |     1 |     1 ||     2
         Scroll            |     2 |     6 ||     8
 Armour: Robe              |     9 |       ||     9
         Skin              |     4 |       ||     4
         Leather armour    |    26 |    13 ||    39
  Dodge: Dodged            |    66 |    20 ||    86

Table legend: (Time is in decaauts)
 A = Elapsed time spent in this place.
 B = Non-inter-level travel time spent in this place.
 C = Inter-level travel time spent in this place.
 D = Time resting spent in this place.
 E = Time spent auto-exploring this place.
 F = Levels seen in this place.
 G = Mean time per level.
                   A        B        C        D        E       F      G
               +--------+--------+--------+--------+--------+-----+--------+
         Total |   3541 |   3304 |    237 |    335 |   2330 |   5 |  708.2 |
       Dungeon |   3541 |   3304 |    237 |    335 |   2330 |   5 |  708.2 |
               +--------+--------+--------+--------+--------+-----+--------+

Top non-repeatable levels by time:
     D:4: 1241 daAuts
     D:1: 834 daAuts
     D:2: 831 daAuts
     D:3: 627 daAuts
     D:5: 6 daAuts
